 Dungeon Crawl Stone Soup version 0.17-a0-1368-g6ab37f2 (webtiles) character file.

114 bal the Shooter (level 4, -3/36 HPs)
             Began as a Centaur Hunter on June 12, 2015.
             Slain by bal's ghost (6 damage)
             ... on level 3 of the Dungeon.
             The game lasted 00:07:46 (2300 turns).

bal the Shooter (Centaur Hunter)                    Turns: 2300, Time: 00:07:47

Health: -3/36      AC:  5    Str: 14    XL:     4   Next: 67%
Magic:  4/4        EV:  9    Int: 10    God:
Gold:   178        SH:  0    Dex: 11    Spells: 0 memorised, 3 levels left

rFire  . . .     SeeInvis .     b - +0 short sword
rCold  . . .     Clarity  .     d - +0 leather armour
rNeg   . . .     SustAt   .     (no shield)
rPois  .         Gourm    .     (no helmet)
rElec  .         Spirit   .     i - +0 cloak
rCorr  .         Warding  .     (no gloves)
rMut   .         Stasis   .     (no barding)
MR     .....                    (no amulet)
Stlth  +.........               (no ring)
                                (no ring)

@: very quick, not resistant to hostile enchantments, very unstealthy
A: hooves 3, deformed body, speed 2, tough skin 3
a: no special abilities


You were on level 3 of the Dungeon.
You were not hungry.

You visited 1 branch of the dungeon, and saw 3 of its levels.

You collected 178 gold pieces.

Inventory:

Hand weapons
 a - a +1 shortbow
 b - a +0 short sword (weapon)
 c - a -1 war axe
Missiles
 k - 21 poisoned needles
 p - 8 javelins (quivered)
 r - 3 arrows
Armour
 d - a +0 leather armour (worn)
 i - a +0 cloak (worn)
Scrolls
 f - 2 scrolls of identify
 j - a scroll of random uselessness {unknown}
 n - a scroll of fog {unknown}
 o - 3 scrolls of teleportation {unknown}
Potions
 l - a potion of flight
Comestibles
 e - 3 bread rations
 g - 2 meat rations
 h - a royal jelly
 m - 2 fruits


   Skills:
 + Level 2.1 Fighting
 + Level 7.5 Bows
 + Level 0.8 Armour
 + Level 1.6 Dodging
 + Level 0.5 Stealth


You had 3 spell levels left.
You didn't know any spells.

Dungeon Overview and Level Annotations

Branches:
Dungeon (3/15)

Altars:
Dithmenos
Yredelemnul

Annotations:
D:3 bal's ghost, weakling CeHu


Innate Abilities, Weirdness & Mutations

You have hooves in place of feet.
Armour fits poorly on your strangely shaped body.
You cover ground very quickly.
You have extremely tough skin (AC +3).


Message History

Bal's ghost is lightly damaged.
Bal's ghost hits you!
You hit bal's ghost. You kick bal's ghost.
Bal's ghost is moderately damaged.
Bal's ghost hits you!
You closely miss bal's ghost.
Bal's ghost is moderately damaged.
Bal's ghost hits you.
* * * LOW HITPOINT WARNING * * *
You hit bal's ghost.
Bal's ghost is moderately damaged.
Bal's ghost barely misses you.
You hit bal's ghost. You kick bal's ghost, but do no damage.
Bal's ghost is moderately damaged.
Bal's ghost hits you!
* * * LOW HITPOINT WARNING * * *
You closely miss bal's ghost.
Bal's ghost is moderately damaged.
Bal's ghost hits you.
You die...

#...................
#.#.#####.....####.#
#.#...###..#(......#
#.#.......###......#
#.#...##..###..##..#
#)#.#.###..#..##*,..
#.#.#..##.....##....
#.#................,
*,#@.##.........##.,
*,#W####..._...##**,
*,#(.*#.........#*,,
*,.................,
**.(...##.....##..#*
###.(###[.#..#*#.#
#..#*..###..#*.#*
#.(....#**...,,,,
*,,,,,,,*,,*,,,,*


You could see bal's ghost.

Vanquished Creatures
  5 adders
  2 worms (D:2)
  3 giant geckos (D:1)
  An orc (D:3)
  A ball python (D:1)
  8 bats
  4 giant cockroaches
  10 goblins
  6 hobgoblins
  4 giant newts
  10 kobolds
  7 rats
61 creatures vanquished.

Notes
Turn   | Place    | Note
--------------------------------------------------------------
     0 | D:1      | bal the Centaur Hunter began the quest for the Orb.
     0 | D:1      | Reached XP level 1. HP: 17/17 MP: 1/1
   119 | D:1      | Reached XP level 2. HP: 15/24 MP: 2/2
   689 | D:1      | Reached skill level 6 in Bows
  1089 | D:2      | Reached XP level 3. HP: 29/29 MP: 3/3
  1646 | D:2      | Reached XP level 4. HP: 36/36 MP: 4/4
  1743 | D:2      | Reached skill level 7 in Bows
  1884 | D:3      | Found a basalt altar of Yredelemnul.
  1951 | D:3      | Found a shadowy altar of Dithmenos.
  2084 | D:3      | Found a faded altar to an unknown god.
  2283 | D:3      | Noticed bal's ghost (weakling CeHu)
  2300 | D:3      | Slain by bal's ghost

Vault maps used:
D:1:      onia_arrival_pentagram, serial_co_window_serial, co_window_paths_b,
          co_window_corner_a, co_window_paths_a, co_window_paths_a,
          co_window_paths_a, co_window_corner_cb, co_window_broadway_a,
          co_window_broadway_a, co_window_corner_ca, co_window_2corner,
          co_window_broadway_b, glass_columns_a, glass_columns_a
D:2:      forest_paths, first_bread
D:3:      yredelemnul_altar_generic, lemuel_coloured_pillars_altar,
          nicolae_dithmenos_shadow_blocks, ecumenical_altar_1

Action                   |  1- 3 |  4- 6 || total
-------------------------+-------+-------++-------
Melee: Short sword       |       |     9 ||     9
 Fire: Shortbow          |   140 |    60 ||   200
  Use: Scroll            |       |     3 ||     3
       Potion            |       |     1 ||     1
  Eat: Pizza             |     1 |       ||     1
       Chunk             |       |     1 ||     1
